 Dungeon Crawl Stone Soup version 0.30-a0-916-g9813417 (webtiles) character file.

Game seed: 15130116396591769083

32 Illumine the Chiller (level 3, 0/24 HPs)
             Began as a Demonspawn Ice Elementalist on Mar 21, 2023.
             Slain by a goblin
             ... wielding a +0 dagger
             ... led by Robin
              (6 damage)
             ... on level 2 of the Dungeon.
             The game lasted 00:02:17 (777 turns).

Illumine the Chiller (Demonspawn Ice Elementalist)   Turns: 777, Time: 00:02:17

Health: 0/24       AC:  2    Str:  8    XL:     3   Next: 8%
Magic:  1/6        EV: 12    Int: 18    God:
Gold:   43         SH:  0    Dex: 13    Spells: 5/6 levels left

rFire   . . .      SeeInvis .    d - +0 dagger
rCold   . . .      Faith    .    (no shield)
rNeg    . . .      Spirit   .    a - +0 robe
rPois   .          Reflect  .    (no helmet)
rElec   .          Rampage  .    (no cloak)
rCorr   .                        (no gloves)
Will    .....                    (no boots)
Stlth   ++                       (no amulet)
HPRegen 0.24/turn                f - ring of flight
MPRegen 0.10/turn                (no ring)

@: flying
A: demonic magic 1
a: no special abilities


You were on level 2 of the Dungeon.
You visited 1 branch of the dungeon, and saw 2 of its levels.

You collected 43 gold pieces.

Inventory:

Hand Weapons
 d - a +0 dagger (weapon)
Armour
 a - a +0 robe (worn)
Jewellery
 f - a ring of flight (left hand)
Scrolls
 g - a scroll of amnesia {unknown}
Potions
 b - a potion of magic
 c - a potion of might {unknown}
 e - a potion of invisibility


   Skills:
 + Level 2.2 Dodging
 - Level 2.0 Stealth
 + Level 2.3 Spellcasting
 * Level 4.0 Ice Magic


You had 5 spell levels left.
You knew the following spells:

 Your Spells              Type           Power      Damage    Failure   Level
a - Freeze                Ice            64%        1d7       3%          1

Your spell library contained the following spells:

 Spells                   Type           Power      Damage    Failure   Level
 Frozen Ramparts          Ice            32%        1d5       10%         3
 Ozocubu's Armour         Ice            16%        N/A       10%         3
 Summon Ice Beast         Ice/Summ       9%         N/A       58%         4


Dungeon Overview and Level Annotations

Branches:
Dungeon (2/15)

Altars:

Annotations:
D:2 Robin


Innate Abilities, Weirdness & Mutations

Spells you cast may paralyse adjacent enemies.


Message History

The goblin shoots a sling bullet.
The sling bullet hits you.
You hear a shout!
The goblin barely misses you.
You see here a +0 club.
The goblin closely misses you.
Robin roars a battlecry!
The goblins go into a battle-frenzy!
A hobgoblin comes into view.
Robin throws the goblin at you!
You barely miss the goblin.
The goblin unwields a +0 sling.
The goblin wields a +0 dagger.
The goblin hits you with a +0 dagger. x2
A goblin comes into view. It is wielding a +0 club.
Robin says, "My goblins will feast on your bones."
Casting: Freeze (safe; 3% risk of failure)
Confirm with . or Enter, or press ? or * to list all spells.
Aiming: Freeze (safe; 3% risk of failure)
Press: ? - help, Shift-Dir - straight line, f - goblin
Aim: a goblin, wielding a +0 dagger and wearing a +0 ring mail (strong)
You freeze the goblin.
The goblin is moderately wounded.
Malevolent energies surge around you.
The goblin suddenly stops moving! x2
The goblin hits you with a +0 dagger.
A hobgoblin comes into view.
The helpless goblin fails to defend itself.
You hit the goblin.
The goblin is heavily wounded.
The goblin closely misses you. The hobgoblin barely misses you.
The helpless goblin fails to defend itself.
You hit the goblin.
You kill the goblin!
The goblin is no longer paralysed.
The goblin hits you with a +0 dagger.
* * * LOW HITPOINT WARNING * * *
The goblin barely misses you.
A goblin comes into view. It is wielding a +0 club.
The hobgoblin barely misses you.
The goblin drinks a potion.
The goblin flickers and vanishes!
Deactivating autopickup; reactivate with Ctrl-A.
A hobgoblin comes into view.
The goblin attacks as you move away! The goblin hits you with a +0 dagger.
You die...

.##.#..#..## #...# ...........#
#...# . ..g......######...## ..
#..#.#.....)...... ...
#{g.g............. ...g
#..#.#............
.....##g.#.#.######...##
.....gggg)...# #)..#
######@###### #...# #)# #####...#
### #.# #.......# ..#######
#.#######.###.[.## #.......######
#..)....#.###.....
#.##.........###.#####.#......###
.....##.##......P#####.#.###..#
#.#####.##...#....#...........#
..#####.###.##P♣..#.#..#.##.....


You could see Robin, 4 hobgoblins and 3 goblins.

Vanquished Creatures
  A ball python (D:1)
  2 bats (D:1)
  An endoplasm (D:1)
  2 giant cockroaches (D:1)
  3 goblins
  5 hobgoblins
  2 jackals (D:1)
  2 quokkas
  2 frilled lizards (D:1)
  4 kobolds
  3 rats (D:1)
27 creatures vanquished.

Notes
Turn   | Place    | Note
-------+----------+-------------------------------------------
     0 | D:1      | Illumine the Demonspawn Ice Elementalist began the quest
                  | for the Orb.
     0 | D:1      | Reached XP level 1. HP: 13/13 MP: 3/3
   225 | D:1      | Gained mutation: Spells you cast may paralyse adjacent
                  | enemies. [demonic ancestry]
   225 | D:1      | Reached XP level 2. HP: 9/19 MP: 0/5
   383 | D:1      | Found a faded altar of an unknown god.
   384 | D:1      | Noticed a shining eye
   386 | D:1      | Noticed a floating eye
   386 | D:1      | Noticed a floating eye
   386 | D:1      | Noticed an eye of devastation
   735 | D:2      | Reached skill level 4 in Ice Magic
   761 | D:2      | Noticed Robin
   769 | D:2      | Reached XP level 3. HP: 20/24 MP: 1/6
   777 | D:2      | Slain by a goblin

Illustrated notes

Levels and vault maps discovered:
D:1:      dpeg_arrival_fog, layout_rooms, hellmonk_ecumenical_altar_watching_god
D:2:      layout_loops_cross, serial_forest, infiniplex_forest_clump_double,
          infiniplex_forest_zigzag_2, infiniplex_forest_clump_tiny,
          infiniplex_forest_clump_curved, lemuel_flame_loot_1, uniq_robin

Skill      XL: |  1  2 |
---------------+-------+-----
Stealth        | 2 |  2.0
Dodging        | 2 |  2.2
Ice Magic      | 4 |  4.0
Spellcasting   | |  2.3

Action                     || total
---------------------------++-------
  Melee: Dagger            ||    17
         Short sword       ||     3
   Cast: Freeze            ||    29
   Stab: Paralysed         ||     7
         Sleeping          ||     1
 Armour: Robe              ||     4
  Dodge: Dodged            ||    20

Table legend: (Time is in decaauts)
 A = Elapsed time spent in this place.
 B = Non-inter-level travel time spent in this place.
 C = Inter-level travel time spent in this place.
 D = Time resting spent in this place.
 E = Time spent auto-exploring this place.
 F = Levels seen in this place.
 G = Mean time per level.
                   A        B        C        D        E       F      G
               +--------+--------+--------+--------+--------+-----+--------+
         Total |    774 |    765 |      9 |     50 |    530 |   2 |  387.0 |
       Dungeon |    774 |    765 |      9 |     50 |    530 |   2 |  387.0 |
               +--------+--------+--------+--------+--------+-----+--------+

Top non-repeatable levels by time:
     D:1: 645 daAuts
     D:2: 129 daAuts
